 Dungeon Crawl Stone Soup version 0.24-a0-183-g8902462 (webtiles) character file.

Game seed: 1846900322878135862

374124 Inarius the Sensei (level 21, -2/198 HPs)
             Began as a Demonspawn Assassin on Mar 13, 2019.
             Was the Champion of Okawaru.
             Killed from afar by an ice dragon (53 damage)
             ... with a blast of cold
             ... on level 3 of the Depths on Mar 15, 2019.
             The game lasted 02:54:27 (68655 turns).

Inarius the Sensei (Demonspawn Assassin)           Turns: 68655, Time: 02:54:27

Health: -2/198     AC: 21    Str: 19    XL:     21   Next: 76%
Magic:  30/30      EV: 16    Int: 19    God:    Okawaru [******]
Gold:   2236       SH: 26    Dex: 19    Spells: 20/20 levels left

rFire    + + +     SeeInvis .     - Unarmed
rCold    . . .     Gourm    .   S - +3 large shield of the Endless Ghosts {+Inv Str+3 Slay+3}
rNeg     + + .     Faith    .   B - +5 ring mail {rF+}
rPois    +         Spirit   .   b - +2 hat
rElec    +         Reflect  +   o - +2 cloak {MR+}
rCorr    .         Harm     .   (gloves unavailable)
MR       +++..                  O - +2 pair of boots of the Assassin {Detection Stab+ Stlth++}
Stlth    ++++++....             q - +4 amulet of reflection
HPRegen  0.43/turn              y - ring of Liseanunwi {rElec MR+ Str+4 Int+4 Dex-3}
MPRegen  0.22/turn              x - ring of Xyud {rF++ rN++ AC-3 Stlth-}

@: no status effects
A: claws 3, slimy green scales 3, fire resistance 1, robust 2, spiny 3, flame
cloud immunity
}: 2/15 runes: serpentine, barnacled
a: Heroism, Finesse, Renounce Religion, Evoke Invisibility


You were on level 3 of the Depths.
You worshipped Okawaru.
Okawaru was exalted by your worship.
You were not hungry.

You visited 8 branches of the dungeon, and saw 40 of its levels.
You visited 1 bazaar.
You also visited: Ice Cave and Volcano.

You collected 5619 gold pieces.
You spent 3383 gold pieces at shops.

Inventory:

Hand Weapons
 v - a +9 quick blade of venom
Missiles
 C - 35 silver javelins
 H - 16 javelins of penetration
 M - 9 javelins of returning
 T - 8 poisoned javelins (quivered)
Armour
 a - the +2 cloak of Instinct {rF+ Int+6}
   (You found it on level 3 of the Shoals)

   It affects your intelligence (+6).
   It protects you from fire.
 b - a +2 hat (worn)
 o - a +2 cloak of magic resistance (worn)
 B - a +5 ring mail of fire resistance (worn)
 L - a +2 cloak of positive energy
 O - the +2 pair of boots of the Assassin (worn) {Detection Stab+ Stlth++}
   (You found it on level 2 of the Depths)

   It makes you much more stealthy.
 S - the +3 large shield of the Endless Ghosts (worn) {+Inv Str+3 Slay+3}
   (You found it on level 4 of the Shoals)

   It affects your strength (+3).
   It affects your accuracy and damage with ranged weapons and melee attacks
   (+3).
   It lets you turn invisible.
Jewellery
 n - a +5 ring of evasion
 q - a +4 amulet of reflection (around neck)
 t - an uncursed ring of protection from cold
 x - the ring of Xyud (right claw) {rF++ rN++ AC-3 Stlth-}
   (You bought it in a shop on level 1 of the Depths)

   [ring of protection]

   It affects your AC (-3).
   It greatly protects you from fire.
   It greatly protects you from negative energy.
   It makes you less stealthy.
 y - the ring of Liseanunwi (left claw) {rElec MR+ Str+4 Int+4 Dex-3}
   (You found it on level 3 of the Lair of Beasts)

   [ring of strength]

   It affects your strength (+4).
   It affects your intelligence (+4).
   It affects your dexterity (-3).
   It insulates you from electricity.
   It affects your resistance to hostile enchantments.
 A - an uncursed amulet of regeneration
Wands
 i - a wand of iceblast (53)
 D - a wand of disintegration (6)
 F - a wand of acid (18)
 K - a wand of digging (12)
 V - a wand of scattershot (3)
 W - a wand of flame (20)
 Z - a wand of paralysis (27)
Scrolls
 c - 10 scrolls of teleportation
 d - 8 scrolls of fog
 m - 7 scrolls of enchant armour
 s - 7 scrolls of fear
 u - 3 scrolls of magic mapping
 w - 16 scrolls of remove curse
 E - a scroll of summoning
 N - 13 scrolls of blinking
 X - 9 scrolls of identify
 Y - a scroll of immolation
Potions
 e - a potion of invisibility
 f - 2 potions of resistance
 h - 16 potions of curing
 j - 6 potions of might
 l - 3 potions of cancellation
 p - a potion of heal wounds
 r - 4 potions of magic
 z - 10 potions of mutation
 G - 9 potions of flight
 I - a potion of agility
 J - 6 potions of berserk rage
 U - 3 potions of haste
Miscellaneous
 P - a lightning rod (4/4)
 Q - 2 phantom mirrors
 R - a box of beasts
Comestibles
 g - 73 rations
 k - 29 chunks of flesh


   Skills:
 + Level 14.1 Fighting
 - Level 4.0 Short Blades
 + Level 4.1 Throwing
 + Level 7.1 Armour
 + Level 10.3 Dodging
 * Level 13.7 Stealth
 + Level 12.2 Shields
 * Level 23.4 Unarmed Combat
 * Level 12.0 Invocations
 * Level 10.6 Evocations


You had 20 spell levels left.
You didn't know any spells.
Your spell library contained the following spells:

 Spells                   Type           Power        Failure   Level  Hunger
 Corona                   Hex            #......      86%         1    ##.....
 Flame Tongue             Conj/Fire      #....        86%         1    ##.....
 Infusion                 Chrm           #...         86%         1    ##.....
 Magic Dart               Conj           #...         86%         1    ##.....
 Sandblast                Erth           #.....       86%         1    ##.....
 Shock                    Conj/Air       #...         86%         1    ##.....
 Summon Butterflies       Summ           #.......     86%         1    ##.....
 Summon Small Mammal      Summ           #...         86%         1    ##.....
 Blink                    Tloc           N/A          95%         2    ###....
 Call Imp                 Summ           #.......     95%         2    ###....
 Corpse Rot               Necr           N/A          95%         2    ###....
 Ensorcelled Hibernation  Hex/Ice        #.....       95%         2    ###....
 Passwall                 Tmut/Erth      #.......     95%         2    ###....
 Poisonous Vapours        Pois/Air       #.....       95%         2    ###....
 Searing Ray              Conj           #.....       95%         2    ###....
 Shroud of Golubria       Chrm/Tloc      #.........   95%         2    ###....
 Slow                     Hex            #.......     95%         2    ###....
 Song of Slaying          Chrm           #.......     95%         2    ###....
 Sublimation of Blood     Necr           #.........   95%         2    ###....
 Swiftness                Chrm/Air       #.......     95%         2    ###....
 Throw Flame              Conj/Fire      #.....       95%         2    ###....
 Call Canine Familiar     Summ           #.......     99%         3    ####...
 Confuse                  Hex            #.......     99%         3    ####...
 Conjure Flame            Conj/Fire      #.......     99%         3    ####...
 Dazzling Spray           Conj/Hex       #.....       99%         3    ####...
 Inner Flame              Hex/Fire       #.......     99%         3    ####...
 Mephitic Cloud           Conj/Pois/Air  #.......     99%         3    ####...
 Recall                   Summ/Tloc      N/A          99%         3    ####...
 Regeneration             Chrm/Necr      #.........   99%         3    ####...
 Spectral Weapon          Hex/Chrm       #.......     99%         3    ####...
 Static Discharge         Conj/Air       #.......     99%         3    ####...
 Stone Arrow              Conj/Erth      #.....       99%         3    ####...
 Summon Guardian Golem    Hex/Summ       #.......     99%         3    ####...
 Tukima's Dance           Hex            #.......     99%         3    ####...
 Airstrike                Air            #.........   100%        4    #####..
 Animate Dead             Necr           N/A          100%        4    #####..
 Force Lance              Conj/Tloc      #.......     100%        4    #####..
 Fulminant Prism          Conj/Hex       #.........   100%        4    #####..
 Ice Form                 Ice/Tmut       #.......     100%        4    #####..
 Iskenderun's Mystic Bla  Conj           #.......     100%        4    #####..
 Leda's Liquefaction      Hex/Erth       #.........   100%        4    #####..
 Passage of Golubria      Tloc           N/A          100%        4    #####..
 Petrify                  Tmut/Erth      #.......     100%        4    #####..
 Sticky Flame             Conj/Fire      #.......     100%        4    #####..
 Summon Ice Beast         Ice/Summ       #.......     100%        4    #####..
 Summon Lightning Spire   Summ/Air       #.......     100%        4    #####..
 Agony                    Necr           #.......     100%        5    ######.
 Bolt of Draining         Conj/Necr      #.........   100%        5    ######.
 Bolt of Magma            Conj/Fire/Erth #.........   100%        5    ######.
 Borgnjor's Vile Clutch   Necr/Erth      #.........   100%        5    ######.
 Dispel Undead            Necr           #.......     100%        5    ######.
 Excruciating Wounds      Chrm/Necr      #.........   100%        5    ######.
 Fireball                 Conj/Fire      #.........   100%        5    ######.
 Iskenderun's Battlesphe  Conj/Chrm      #.......     100%        5    ######.
 Lee's Rapid Deconstruct  Erth           #.........   100%        5    ######.
 Lightning Bolt           Conj/Air       #.........   100%        5    ######.
 Metabolic Englaciation   Hex/Ice        #.........   100%        5    ######.
 Summon Forest            Summ/Tloc      #.........   100%        5    ######.
 Summon Mana Viper        Hex/Summ       #.......     100%        5    ######.
 Venom Bolt               Conj/Pois      #.........   100%        5    ######.
 Bolt of Cold             Conj/Ice       #.........   100%        6    #######
 Darkness                 Hex            #.........   100%        6    #######
 Death Channel            Necr           #.........   100%        6    #######
 Freezing Cloud           Conj/Ice/Air   #.........   100%        6    #######
 Hydra Form               Tmut           #.........   100%        6    #######
 Invisibility             Hex            #.......     100%        6    #######
 Iron Shot                Conj/Erth      #.........   100%        6    #######
 Ozocubu's Refrigeration  Ice            #.........   100%        6    #######
 Simulacrum               Ice/Necr       #.........   100%        6    #######
 Orb of Destruction       Conj           #.........   100%        7    #######
 Ring of Flames           Chrm/Fire      #.........   100%        7    #######
 Spellforged Servitor     Conj/Summ      #.........   100%        7    #######
 Summon Hydra             Summ           #.........   100%        7    #######


Dungeon Overview and Level Annotations

Branches:
Dungeon (15/15)            Temple (0/1) D:5            Lair (6/6) D:11
 Shoals (4/4) Lair:4        Snake (4/4) Lair:4        Slime (0/5) Lair:5
    Orc (2/2) D:10            Elf (2/3) Orc:2        Vaults (4/5) D:14
  Crypt (0/3) Vaults:3     Depths (3/5) D:15

Altars:
Cheibriados
Dithmenos
Fedhas
Gozag
Makhleb
Nemelex Xobeh
Okawaru
Ru
Sif Muna
Trog
Uskayaw
Vehumet
Wu Jian
The Shining One
Beogh

Shops:
D:9 *   Orc:2 =[(*   Vaults:1 [   Vaults:2 %   Depths:1 }}=   Depths:2 *
Depths:3 *

Portals:
Hell: Depths:1 Depths:2
Pandemonium: Depths:3
Ziggurat: Depths:1

Annotations:
Lair:1 1 runed translucent door, Azzok's ghost, journeyman OpTm
Elf:1 1 runed translucent door, Duffy's ghost, journeyman DEFE


Innate Abilities, Weirdness & Mutations

You have claws for hands.
You are completely covered in slimy green scales. (AC +4, rPois)
Your flesh is heat resistant. (rF+)
You are very robust. (+20% HP)
You are completely covered in sharp spines.
You are immune to clouds of flame.


Message History

Two slime creatures merge to form a large slime creature.
There is an open door here.
You see here a bolt.
Things that are here:
a +0 arbalest; 28 bolts
There is an open door, spattered with blood here.
As you close the door, it creaks loudly!
You are feeling hungry.
There is a stone staircase leading down here.
Eat one of 30 chunks of flesh? (ye/n/q)
You eat one of the 30 chunks of flesh.
This raw flesh tastes terrible.
An ice dragon comes into view.
An ice dragon comes into view.
You are too injured to fight recklessly!
Unknown command.
You see here 2 arrows.
The ice dragon roars deafeningly! x2
The ice dragon breathes frost at you. The blast of cold hits you!!!
You die...

#...................
#..............(....
#...................
#..........<........
#.........).........
#.......(...........
#...................
#...(.(.....).......
##.@(..(D...........
#.....)....(........
#....(.....(........
##..................
##.....D...........
#.................
##.................
##................
#..................


You could see 2 ice dragons.

Vanquished Creatures
  Saint Roka (Orc:2)
  Nikola (Snake:3)
  A lich (Depths:2)
  2 krakens
  A deep elf blademaster (Elf:2)
  2 sphinxes
  Kirke (Elf:1)
  2 storm dragons
  9 nagarajas
  5 fire giants
  A frost giant (IceCv)
  4 vault wardens
  Ilsuiw (Shoals:3)
  A deep elf sorcerer (Vaults:3)
  Aizul (Shoals:3)
  9 ironheart preservers
  4 very ugly things
  19 stone giants
  3 entropy weavers
  Azrael (Snake:3)
  2 vampire knights
  A dire elephant (Lair:6)
  10 ettins
  3 merfolk javelineers
  A deep elf death mage (Vaults:3)
  A fire dragon (shapeshifter) (Vaults:2)
  6 merfolk impalers
  5 yaktaur captains
  3 fire dragons
  3 great orbs of eyes
  8 ice dragons
  24 naga warriors
  3 rakshasas
  3 catoblepae
  10 vault guards
  6 hydras
  A spriggan air mage (Depths:2)
  4 merfolk avatars
  An anaconda (shapeshifter) (Vaults:2)
  14 ogre magi
  10 centaur warriors
  9 anacondas
  3 merfolk aquamancers
  4 alligator snapping turtles
  22 dancing weapons
  A death knight (Vaults:1)
  31 two-headed ogres
  10 death yaks
  5 deep troll earth magi
  A queen ant (Lair:5)
  A vampire mage (Depths:2)
  A satyr (Shoals:2)
  2 orc high priests
  2 deep troll shamans
  14 naga sharpshooters
  4 shock serpents
  24 deep elf knights
  Urug (Lair:3)
  2 spriggan berserkers (Depths:2)
  An iron troll (Depths:2)
  19 sea snakes
  A shadow wraith (Vaults:4)
  A fire crab (shapeshifter) (Depths:1)
  A salamander mystic (Snake:4)
  8 unseen horrors
  11 skeletal warriors
  5 wizards
  7 ironbrand convokers
  6 naga ritualists
  10 deep trolls
  5 flayed ghosts
  An orange crystal statue (Depths:1)
  14 harpies
  A phantasmal warrior (Vaults:2)
  10 orc knights
  A glowing orange brain (Vaults:1)
  Pikel (D:5)
  12 deep elf archers
  8 mana vipers
  37 deep elf magi
  A wolf spider (Vaults:1)
  10 manticores
  13 fauns
  4 cyclopes
  4 orc sorcerers
  13 salamanders
  25 ugly things
  14 elephants
  An elephant (shapeshifter) (Depths:1)
  22 naga magi
  Maurice (D:13)
  32 black mambas
  7 guardian serpents
  11 merfolk sirens
  6 water nymphs
  10 vault sentinels
  A black mamba (shapeshifter) (Depths:2)
  An ice statue (IceCv)
  3 gargoyles
  A molten gargoyle (Volcano)
  A torpor snail (Lair:3)
  3 centaur skeletons
  5 spiny frogs
  12 komodo dragons
  13 yaktaurs
  A kobold demonologist (D:14)
  4 guardian mummies (D:15)
  4 freezing wraiths
  5 trolls
  22 merfolk
  3 hornets
  2 meliai (shapeshifter)
  17 polar bears
  6 tyrant leeches (Lair:3)
  6 wind drakes
  11 snapping turtles
  5 hippogriffs
  4 dream sheep (Lair:6)
  9 blink frogs
  A centaur simulacrum (D:15)
  20 slime creatures
  2 air elementals (Elf:2)
  2 vampires
  14 water elementals
  68 yaks
  7 wraiths
  A wyvern (D:12)
  3 hungry ghosts
  A basilisk (D:12)
  6 hogs
  A human (shapeshifter) (Vaults:1)
  A steam dragon (Lair:3)
  8 fire elementals
  Eustachio (D:5)
  A human (D:7)
  A vampire mosquito (D:11)
  Menkaure (D:7)
  49 nagas
  19 soldier ants
  3 swamp worms (Lair:3)
  A two-headed ogre zombie (D:10)
  A warg (Orc:1)
  2 acid dragons
  14 hell hounds
  8 water moccasins
  12 porcupines
  2 ice beasts
  2 black bears
  41 orc warriors
  2 slaves (D:5)
  3 phantoms
  2 sky beasts (D:8)
  An eye of draining (D:14)
  21 ogres
  24 centaurs
  A boggart (Depths:3)
  12 crocodiles
  23 wolves
  2 big kobolds (D:12)
  Blork the orc (D:6)
  2 gnoll sergeants
  An earth elemental (Elf:2)
  18 bullfrogs
  A wyvern zombie (D:8)
  5 scorpions
  A troll zombie (D:10)
  A human simulacrum (Vaults:1)
  4 killer bees (D:10)
  10 wights
  4 howler monkeys
  4 electric eels (D:6)
  10 crimson imps
  2 centaur zombies
  3 hounds
  An iron imp (Depths:2)
  A bullfrog zombie (D:5)
  20 orc priests
  4 jellies
  3 bullfrog skeletons
  6 iguanas
  11 hell rats (Lair:3)
  24 orc wizards
  36 worker ants
  6 ogre zombies (D:10)
  A hound zombie (D:6)
  3 hound skeletons
  4 mummies (D:15)
  2 worker ant zombies
  A howler monkey zombie (D:8)
  11 gnolls
  14 adders
  10 river rats (Lair:3)
  3 shadow imps
  4 white imps (D:12)
  3 oozes
  2 adder skeletons
  3 worms
  2 dart slugs
  4 leopard geckos
  95 orcs
  A ball python (D:1)
  5 giant cockroaches
  12 goblins
  9 hobgoblins
  19 jackals
  5 quokkas
  8 bats
  8 frilled lizards
  5 goblin zombies (D:10)
  5 hobgoblin zombies (D:10)
  A jackal skeleton (D:4)
  10 kobolds
  An orc skeleton (D:10)
  14 orc zombies (D:10)
  A quokka skeleton (D:5)
  23 rats
  A fire vortex (Lair:6)
  6 plants
  7 tentacles
1664 creatures vanquished.

Vanquished Creatures (collateral kills)
  An orc knight (Orc:2)
  An orc sorcerer (Orc:2)
  2 wind drakes (Shoals:4)
  3 orc warriors (Orc:2)
  3 orc priests (Orc:2)
  4 orc wizards (Orc:2)
  5 orcs (Orc:2)
19 creatures vanquished.

Vanquished Creatures (others)
  A stone giant (Depths:2)
  A merfolk javelineer (Shoals:4)
  A centaur warrior (Depths:3)
  A merfolk aquamancer (Shoals:4)
  A two-headed ogre (Vaults:3)
  A satyr (Shoals:3)
  A deep elf knight (Elf:2)
  3 deep elf magi
  2 orc knights
  A manticore (Shoals:4)
  An orc sorcerer (Orc:2)
  A faun (Shoals:3)
  A vault sentinel (Vaults:2)
  A rime drake (Lair:6)
  4 yaktaurs
  2 humans (Elf:1)
  3 orc warriors
  11 centaurs
  An orc priest (Orc:2)
  2 orcs
  A kobold (D:12)
  11 fungi
  30 plants
  32 tentacles
114 creatures vanquished.

Grand Total: 1797 creatures vanquished

Notes
Turn   | Place    | Note
-------+----------+-------------------------------------------
     0 | D:1      | Inarius the Demonspawn Assassin began the quest for the
                  | Orb.
     0 | D:1      | Reached XP level 1. HP: 16/16 MP: 1/1
    77 | D:1      | Gained mutation: You are partially covered in sharp spines.
                  | [demonic ancestry]
    77 | D:1      | Reached XP level 2. HP: 10/22 MP: 2/2
   484 | D:1      | Reached XP level 3. HP: 27/27 MP: 3/3
  1002 | D:1      | Reached skill level 1 in Dodging
  1265 | D:2      | Found an ornate altar of the Wu Jian Council.
  1281 | D:2      | Reached XP level 4. HP: 34/34 MP: 4/4
  1388 | D:2      | Found an iron altar of Okawaru.
  1541 | D:2      | Became a worshipper of Warmaster Okawaru
  1717 | D:2      | Reached skill level 1 in Invocations
  1717 | D:2      | Reached XP level 5. HP: 7/39 MP: 5/5
  2068 | D:2      | Reached skill level 1 in Armour
  2118 | D:2      | Found a sparkling altar of Nemelex Xobeh.
  3147 | D:3      | Found a blossoming altar of Fedhas.
  3469 | D:4      | Reached XP level 6. HP: 46/46 MP: 7/7
  3680 | D:4      | Found a radiant altar of Vehumet.
  3691 | D:4      | Reached * piety under Okawaru
  4118 | D:5      | Entered Level 5 of the Dungeon
  4229 | D:5      | Gained mutation: You have sharp fingernails. [demonic
                  | ancestry]
  4229 | D:5      | Reached XP level 7. HP: 23/52 MP: 9/9
  4398 | D:5      | Found a staircase to the Ecumenical Temple.
  4418 | D:5      | Reached skill level 5 in Stealth
  4970 | D:5      | Noticed Eustachio
  5013 | D:5      | Reached skill level 1 in Shields
  5451 | D:5      | Reached skill level 1 in Unarmed Combat
  5984 | D:5      | Reached skill level 2 in Unarmed Combat
  6314 | D:5      | Killed Eustachio
  6314 | D:5      | Reached ** piety under Okawaru
  6314 | D:5      | Gained mutation: Your flesh is heat resistant. (rF+)
                  | [demonic ancestry]
  6314 | D:5      | Reached XP level 8. HP: 39/60 MP: 11/11
  6539 | D:6      | Noticed Pikel
  6580 | D:5      | Killed Pikel
  6580 | D:5      | Reached *** piety under Okawaru
  6580 | D:5      | Reached skill level 3 in Unarmed Combat
  7130 | D:6      | Noticed Blork the orc
  7914 | D:6      | Killed Blork the orc
  8064 | D:6      | Found a sacrificial altar of Ru.
  8177 | D:6      | Reached skill level 4 in Unarmed Combat
  9247 | D:6      | Gained mutation: You are partially covered in slimy green
                  | scales. (AC +2) [demonic ancestry]
  9247 | D:6      | Reached XP level 9. HP: 23/67 MP: 12/12
  9739 | D:7      | Reached skill level 5 in Fighting
  9843 | D:7      | Noticed Menkaure
  9852 | D:7      | Killed Menkaure
  9917 | D:7      | You fall through a shaft for 2 floors!
  9970 | D:9      | Found a glowing golden altar of the Shining One.
  9970 | D:9      | Found Noadei's Hallowed Reliquary.
  9970 | D:9      | Noticed an angel
 10006 | D:9      | Bought a +0 cloak of positive energy for 127 gold pieces
 10006 | D:9      | Bought a potion of heal wounds for 75 gold pieces
 10017 | D:9      | Bought a potion of curing for 45 gold pieces
 10017 | D:9      | Bought a potion of heal wounds for 75 gold pieces
 10030 | D:8      | Reached skill level 5 in Unarmed Combat
 10044 | D:8      | Reached **** piety under Okawaru
 10092 | D:8      | Paralysed by a hornet for 3 turns
 10384 | D:8      | Found a hide-covered altar of Uskayaw.
 10411 | D:8      | Reached skill level 6 in Unarmed Combat
 10667 | D:8      | Found a shadowy altar of Dithmenos.
 10978 | D:8      | Found an opulent altar of Gozag.
 10979 | D:8      | Found a bloodstained altar of Trog.
 11143 | D:8      | Found a deep blue altar of Sif Muna.
 11344 | D:7      | Reached skill level 7 in Unarmed Combat
 11349 | D:7      | Gained mutation: You are mostly covered in slimy green
                  | scales. (AC +3) [demonic ancestry]
 11349 | D:7      | Reached XP level 10. HP: 76/76 MP: 13/13
 11512 | D:7      | Found a snail-covered altar of Cheibriados.
 11827 | D:9      | Received a gift from Okawaru
 11886 | D:9      | Found a burning altar of Makhleb.
 11956 | D:9      | Reached skill level 8 in Unarmed Combat
 12956 | D:10     | Entered Level 10 of the Dungeon
 12982 | D:10     | Reached ***** piety under Okawaru
 12982 | D:10     | Received a gift from Okawaru
 13135 | D:10     | Noticed a two-headed ogre
 13144 | D:10     | Killed a two-headed ogre
 13371 | D:10     | Found a staircase to the Orcish Mines.
 13406 | D:10     | Reached skill level 9 in Unarmed Combat
 13672 | D:10     | Received a gift from Okawaru
 13941 | D:10     | Found a sparkling altar of Nemelex Xobeh.
 14072 | D:10     | Got a warped robe
 14083 | D:10     | Identified the +4 robe of the Alphagorgon {Int+2 SInv} (You
                  | found it on level 10 of the Dungeon)
 14434 | D:11     | Noticed a manticore
 14448 | D:11     | Killed a manticore
 14462 | D:11     | Noticed a centaur warrior
 14651 | D:11     | Noticed an unseen horror
 14659 | D:11     | Gained mutation: You have very sharp fingernails. [demonic
                  | ancestry]
 14659 | D:11     | Reached XP level 11. HP: 84/86 MP: 14/14
 14664 | D:11     | Killed an unseen horror
 14664 | D:11     | Reached skill level 10 in Unarmed Combat
 14674 | D:11     | Killed a centaur warrior
 14674 | D:11     | Received a gift from Okawaru
 14674 | D:11     | Reached skill level 5 in Dodging
 14974 | D:11     | Found a staircase to the Lair.
 15300 | D:11     | Noticed an ogre mage
 15316 | D:11     | Killed an ogre mage
 15316 | D:11     | Received a gift from Okawaru
 15601 | D:11     | Noticed a two-headed ogre
 15616 | D:11     | Reached skill level 11 in Unarmed Combat
 15634 | D:11     | Killed a two-headed ogre
 15634 | D:11     | Received a gift from Okawaru
 16007 | Lair:1   | Entered Level 1 of the Lair of Beasts
 16119 | Lair:1   | Reached ****** piety under Okawaru
 16172 | Lair:1   | Received a gift from Okawaru
 16172 | Lair:1   | Reached skill level 12 in Unarmed Combat
 16384 | Lair:1   | Gained mutation: You are mostly covered in sharp spines.
                  | [demonic ancestry]
 16384 | Lair:1   | Reached XP level 12. HP: 55/97 MP: 15/15
 16589 | Lair:1   | Found a runed translucent door.
 16589 | Lair:1   | Noticed Azzok's ghost (journeyman OpTm)
 16802 | Lair:1   | Received a gift from Okawaru
 17062 | Lair:2   | Found a blossoming altar of Fedhas.
 17404 | Lair:2   | Found a frozen archway.
 17408 | IceCv    | Entered an ice cave
 17649 | IceCv    | Reached skill level 10 in Fighting
 18323 | IceCv    | Reached skill level 13 in Unarmed Combat
 18616 | IceCv    | Reached skill level 5 in Invocations
 18829 | IceCv    | Noticed a death yak
 18874 | IceCv    | Reached skill level 1 in Evocations
 18886 | IceCv    | Killed a death yak
 19224 | IceCv    | Noticed a death yak
 19224 | IceCv    | Noticed a frost giant
 19248 | IceCv    | Killed a frost giant
 19248 | IceCv    | Received a gift from Okawaru
 19263 | IceCv    | Killed a death yak
 19559 | Lair:2   | Reached XP level 13. HP: 103/106 MP: 17/17
 20228 | Lair:2   | Received a gift from Okawaru
 20677 | Lair:3   | Got a steaming long sword
 20711 | Lair:3   | Upgraded the game from 0.24-a0-179-g7a2c91a to
                  | 0.24-a0-181-gd121a6d
 20831 | Lair:3   | Reached skill level 14 in Unarmed Combat
 21310 | Lair:3   | Received a gift from Okawaru
 21782 | Lair:3   | Noticed Urug
 21824 | Lair:3   | Killed Urug
 21924 | Lair:3   | Identified the +6 long sword of the Ancients {protect, +Fly
                  | rF- Int+2} (You found it on level 3 of the Lair of Beasts)
 21943 | Lair:3   | Got a steaming copper ring
 21945 | Lair:3   | Identified the ring of Liseanunwi {rElec MR+ Str+4 Int+4
                  | Dex-3} (You found it on level 3 of the Lair of Beasts)
 23138 | Lair:4   | Found a staircase to the Snake Pit.
 23670 | Lair:4   | Got a bone dagger
 23672 | Lair:4   | Identified the +5 dagger of Zuntahi {pierce, Str+5 Int-2}
                  | (You found it on level 4 of the Lair of Beasts)
 23861 | Lair:4   | Found a staircase to the Shoals.
 24520 | Lair:5   | Found a staircase to the Slime Pits.
 25406 | Lair:5   | Reached skill level 15 in Unarmed Combat
 25565 | Lair:5   | Noticed an entropy weaver
 25573 | Lair:5   | Killed an entropy weaver
 25573 | Lair:5   | Received a gift from Okawaru
 25734 | Lair:5   | Noticed an entropy weaver
 25748 | Lair:5   | Killed an entropy weaver
 25748 | Lair:5   | Received a gift from Okawaru
 25748 | Lair:5   | Gained mutation: You are completely covered in slimy green
                  | scales. (AC +4, rPois) [demonic ancestry]
 25748 | Lair:5   | Reached XP level 14. HP: 27/114 MP: 19/19
 26140 | Lair:6   | Entered Level 6 of the Lair of Beasts
 26167 | Lair:5   | Received a gift from Okawaru
 26745 | Lair:6   | Reached skill level 5 in Evocations
 27025 | Lair:6   | Identified 4 scrolls of acquirement
 27778 | Lair:6   | Received a gift from Okawaru
 28289 | Lair:6   | Got a faintly humming large shield
 28301 | Lair:6   | Identified the +0 large shield of Jerchot {rF+ Str+4} (You
                  | acquired it on level 6 of the Lair of Beasts)
 28625 | Lair:6   | Reached skill level 16 in Unarmed Combat
 28679 | Lair:6   | Reached skill level 5 in Shields
 30398 | Orc:1    | Entered Level 1 of the Orcish Mines
 30436 | Orc:1    | Found a dark tunnel.
 30446 | Volcano  | Entered a volcano
 30911 | Orc:1    | Noticed a stone giant
 30938 | Orc:1    | Killed a stone giant
 31260 | Orc:1    | Found a roughly hewn altar of Beogh.
 31651 | Orc:2    | Entered Level 2 of the Orcish Mines
 31700 | Orc:2    | Noticed Saint Roka
 31893 | Orc:2    | Received a gift from Okawaru
 31927 | Orc:2    | Got a shimmering great sword {god gift}
 31940 | Orc:1    | Identified the +4 great sword of Abuse {flame, *Corrode
                  | rPois Dex+4 Stlth+} (Okawaru gifted it to you on level 2 of
                  | the Orcish Mines)
 32403 | Orc:2    | Found a staircase to the Elven Halls.
 32514 | Orc:2    | Reached XP level 15. HP: 121/122 MP: 21/21
 32822 | Orc:2    | Killed Saint Roka
 32990 | Orc:2    | Found a roughly hewn altar of Beogh.
 33025 | Orc:2    | Found Negaoh's General Store.
 33042 | Orc:2    | Found a roughly hewn altar of Beogh.
 33050 | Orc:2    | Found Wuab's Antique Armour Emporium.
 33239 | Orc:2    | Found Nearghad's Antique Weapon Emporium.
 33255 | Orc:2    | Found Wioc Hyn's Jewellery Emporium.
 33469 | Orc:2    | Bought a pitted leather armour for 210 gold pieces
 33469 | Orc:2    | Bought an ichor-stained ring mail for 270 gold pieces
 33469 | Orc:2    | Bought a spiked scale mail for 270 gold pieces
 33482 | Orc:2    | Identified the cursed +0 leather armour "Ganimur" {rPois
                  | rCorr Dex+4 Stlth-} (You bought it in a shop on level 2 of
                  | the Orcish Mines)
 33493 | Orc:2    | Identified the cursed +1 ring mail of Free Expression
                  | {Dex+3} (You bought it in a shop on level 2 of the Orcish
                  | Mines)
 33504 | Orc:2    | Identified the +0 scale mail of Nemelex Xobeh's Fury {rN++
                  | rCorr Dex-2} (You bought it in a shop on level 2 of the
                  | Orcish Mines)
 33563 | Orc:2    | Bought a scroll of brand weapon for 320 gold pieces
 33597 | Orc:2    | Bought a +4 amulet of reflection for 432 gold pieces
 33711 | D:12     | Received a gift from Okawaru
 34333 | D:12     | Received a gift from Okawaru
 34652 | D:12     | Reached skill level 17 in Unarmed Combat
 35007 | D:13     | Received a gift from Okawaru
 35124 | D:13     | Got an ichor-stained scale mail
 35135 | D:13     | Identified the +3 scale mail of Ru's Favour {Regen+ Int+4}
                  | (You acquired it on level 13 of the Dungeon)
 35477 | D:13     | Noticed Maurice
 35483 | D:13     | Killed Maurice
 35563 | D:13     | Identified the cursed +2 falchion of Zymmehohe {drain,
                  | +Inv}
 36559 | D:14     | Found a gate to the Vaults.
 36883 | D:15     | Entered Level 15 of the Dungeon
 37521 | D:15     | Received a gift from Okawaru
 38397 | D:15     | Found a staircase to the Depths.
 39036 | Snake:1  | Entered Level 1 of the Snake Pit
 39256 | Snake:1  | Reached XP level 16. HP: 107/132 MP: 22/22
 40188 | Snake:2  | Reached skill level 18 in Unarmed Combat
 41061 | Snake:2  | Received a gift from Okawaru
 42070 | Snake:2  | Reached skill level 5 in Armour
 42370 | Snake:3  | Noticed Azrael
 42421 | Snake:3  | Killed Azrael
 42776 | Snake:3  | Received a gift from Okawaru
 43302 | Snake:3  | Noticed Nikola
 43313 | Snake:3  | Killed Nikola
 43882 | Snake:4  | Entered Level 4 of the Snake Pit
 43948 | Snake:3  | Gained mutation: You are completely covered in sharp
                  | spines. [demonic ancestry]
 43948 | Snake:3  | Reached XP level 17. HP: 53/138 MP: 19/23
 44213 | Shoals:1 | Entered Level 1 of the Shoals
 44217 | Shoals:1 | Reached skill level 10 in Stealth
 44281 | Shoals:1 | Found a flickering gateway to a bazaar.
 44286 | Bazaar   | Entered a bazaar
 44286 | Bazaar   | Found Jaxkei's Magic Scroll Boutique.
 44292 | Bazaar   | Found Hipsuthrosa's Weapon Emporium.
 44294 | Bazaar   | Bought a scroll of blinking for 90 gold pieces
 44294 | Bazaar   | Bought a scroll of teleportation for 36 gold pieces
 44309 | Bazaar   | Found Peggisas's General Store.
 44345 | Bazaar   | Found Zeps's Magic Scroll Shop.
 44353 | Bazaar   | Bought a scroll of acquirement for 520 gold pieces
 44356 | Bazaar   | Identified the ring "Houstreli" {Wiz rF- rC+ Slay+2} (You
                  | acquired it in a bazaar)
 44377 | Bazaar   | Bought a scroll of enchant armour for 90 gold pieces
 44377 | Bazaar   | Bought a scroll of enchant weapon for 90 gold pieces
 44397 | Bazaar   | Bought a scroll of fear for 42 gold pieces
 44418 | Bazaar   | Bought a scroll of brand weapon for 240 gold pieces
 45189 | Shoals:1 | Reached skill level 19 in Unarmed Combat
 46173 | Shoals:2 | Received a gift from Okawaru
 47377 | Shoals:3 | Noticed a kraken
 47437 | Shoals:2 | Upgraded the game from 0.24-a0-181-gd121a6d to
                  | 0.24-a0-183-g8902462
 47504 | Shoals:3 | Noticed Ilsuiw
 47613 | Shoals:3 | Killed a kraken
 47689 | Shoals:3 | Got a scorched cloak
 47703 | Shoals:3 | Identified the +2 cloak of Instinct {rF+ Int+6} (You found
                  | it on level 3 of the Shoals)
 47730 | Shoals:3 | Identified the +0 war axe of Gazues {drain, Int+9}
 47748 | Shoals:3 | Killed Ilsuiw
 47760 | Shoals:3 | Received a gift from Okawaru
 47772 | Shoals:3 | Got a pair of spiked boots {god gift}
 47787 | Shoals:3 | Identified the +0 pair of boots of Elihiaf {MP+9 Str-3
                  | Dex+4 Stlth+} (Okawaru gifted it to you on level 3 of the
                  | Shoals)
 48147 | Shoals:3 | Noticed Aizul
 48166 | Shoals:3 | Killed Aizul
 48374 | Shoals:4 | Entered Level 4 of the Shoals
 48940 | Shoals:4 | Noticed a kraken
 50187 | Shoals:4 | Killed a kraken
 50197 | Shoals:4 | Got a barnacled rune of Zot
 50228 | Shoals:4 | Found a blossoming altar of Fedhas.
 50424 | Shoals:4 | Gained mutation: You are robust. (+10% HP) [demonic
                  | ancestry]
 50424 | Shoals:4 | Reached XP level 18. HP: 116/160 MP: 25/25
 50919 | Shoals:4 | Identified the +3 large shield of the Endless Ghosts {+Inv
                  | Str+3 Slay+3} (You found it on level 4 of the Shoals)
 50980 | Shoals:4 | Received a gift from Okawaru
 51679 | Snake:3  | Reached skill level 20 in Unarmed Combat
 51902 | Snake:4  | Reached skill level 10 in Invocations
 52701 | Snake:4  | Reached skill level 10 in Shields
 53410 | Snake:4  | Received a gift from Okawaru
 53413 | Snake:4  | Got a scorched shield {god gift}
 53474 | Snake:3  | Identified the +0 shield of Death Resistance {rPois MR++
                  | rCorr Str-2} (Okawaru gifted it to you on level 4 of the
                  | Snake Pit)
 53971 | Snake:4  | Got a serpentine rune of Zot
 54523 | Elf:1    | Entered Level 1 of the Elven Halls
 54656 | Elf:1    | Noticed Kirke
 54681 | Elf:1    | Killed Kirke
 55129 | Elf:1    | Found a runed translucent door.
 55129 | Elf:1    | Noticed Duffy's ghost (journeyman DEFE)
 55151 | Elf:1    | Gained mutation: You have claws for hands. [demonic
                  | ancestry]
 55151 | Elf:1    | Reached XP level 19. HP: 167/167 MP: 26/26
 55936 | Elf:2    | Received a gift from Okawaru
 56127 | Elf:2    | Reached skill level 21 in Unarmed Combat
 56271 | Elf:2    | Identified the cursed +0 short sword of Spring {pierce,
                  | Int+4 Dex+2 Stlth+}
 56552 | Elf:2    | Found a runed translucent gate.
 56553 | Elf:2    | Found a runed translucent gate.
 56554 | Elf:2    | Found a runed translucent gate.
 57058 | Vaults:1 | Entered Level 1 of the Vaults
 57181 | Vaults:1 | Received a gift from Okawaru
 57545 | Vaults:1 | Received a gift from Okawaru
 57579 | Vaults:1 | Found Efacluc's Antique Armour Emporium.
 59727 | Vaults:2 | Found Hariw's Food Shop.
 59843 | Vaults:2 | Received a gift from Okawaru
 60160 | Vaults:2 | Gained mutation: You are immune to clouds of flame.
                  | [demonic ancestry]
 60160 | Vaults:2 | Reached XP level 20. HP: 150/174 MP: 27/27
 60521 | Vaults:2 | Reached skill level 22 in Unarmed Combat
 61008 | Vaults:3 | Received a gift from Okawaru
 61663 | Vaults:3 | Reached skill level 10 in Dodging
 62072 | Vaults:3 | Found a staircase to the Crypt.
 62085 | Vaults:3 | Received a gift from Okawaru
 62127 | Vaults:3 | Identified a +2 pair of boots of running (Okawaru gifted it
                  | to you on level 3 of the Vaults)
 64534 | Elf:2    | Received a gift from Okawaru
 64856 | Elf:2    | Gained mutation: You are very robust. (+20% HP) [demonic
                  | ancestry]
 64856 | Elf:2    | Reached XP level 21. HP: 160/198 MP: 29/29
 64859 | Elf:2    | Received a gift from Okawaru
 65245 | Depths:1 | Entered Level 1 of the Depths
 65358 | Depths:1 | Found Pipehi's Gadget Emporium.
 65360 | Depths:1 | Found Evuacig's Jewellery Boutique.
 65361 | Depths:1 | Found Tuoraud's Gadget Emporium.
 65376 | Depths:1 | Bought the cursed ring of Xyud {rF++ rN++ AC-3 Stlth-} for
                  | 451 gold pieces
 65475 | Depths:1 | Found a gateway to a ziggurat.
 65579 | Depths:1 | Reached skill level 10 in Evocations
 65581 | Depths:1 | Received a gift from Okawaru
 66155 | Depths:1 | Found a gateway to Hell.
 66283 | Depths:2 | Reached skill level 23 in Unarmed Combat
 66853 | Depths:2 | Found the +2 pair of boots of the Assassin {Detection Stab+
                  | Stlth++}
 66964 | Depths:2 | Received a gift from Okawaru
 67209 | Depths:2 | Received a gift from Okawaru
 67875 | Depths:2 | Found Leanonyf's Blood Bar.
 68516 | Depths:3 | Found Ruadwomp's Assorted Antiques.
 68585 | Depths:3 | Found a one-way gate leading to the halls of Pandemonium.
 68608 | Depths:3 | Received a gift from Okawaru
 68610 | Depths:3 | HP: 5/198 [acid (18)]
 68655 | Depths:3 | Killed from afar by an ice dragon

Levels and vault maps discovered:
D:1:      psy_arrival_fountain, layout_loops_ring, feat_on_display
D:2:      layout_loops_ring, lemuel_doored_altar, okawaru_ov_weapons_minmay,
          nemelex_xobeh_ov_fountains_minmay
D:3:      layout_loops_corners, hangedman_decor_peaks_small,
          roderic_roman_lattice, fedhas_altar_2
D:4:      layout_cave_pools, lemuel_round_altar
D:5:      layout_loops_corners, minmay_temple_entry_sparse_star, first_ration,
          chequers_decorated_corner, uniq_eustachio
D:6:      layout_loops_cross, nicolae_ru_awakened_eye, serial_bayou,
          serial_bayou_pond_c, serial_bayou_lagoon_a, serial_bayou_lake_a,
          serial_bayou_pond_a, serial_bayou_pond_b, uniq_blork_the_orc,
          uniq_pikel
D:7:      layout_cave_pools, old_standard_altar, grunt_livestock,
          supply_closet_lemuel, uniq_menkaure
D:8:      layout_loops_ring, eat_drink_and_be_merry_uskayaw, led_sif_pool,
          nicolae_dithmenos_the_darkroom, gammafunk_temple_overflow_pools
D:9:      layout_irregular_city, nicolae_overflow_hidden_temple,
          nicolae_good_shop
D:10:     layout_roguey, zombieorc2_lemuel, basic_altar, serial_park_tiny_2
D:11:     layout_roguey, david_lair_shrubbed, minmay_shattered_shrine
D:12:     nrook_guardian_serpent_snake_passage, layout_gridville,
          minmay_nine_imps
D:13:     layout_roguey, special_room [special_room_orc], uniq_maurice
D:14:     layout_irregular_city, grunt_vaults_entry_fortified,
          serial_park_tiny_1
D:15:     grunt_enter_depths_hoard, layout_cave_pods, minmay_misc_feat_square,
          minmay_guarded_unrand_curses
Lair:1:   layout_gridlike, ebering_ghost_inner_flame, st_stairs_5, zaba_anthole,
          grunt_megastairs_5
Lair:2:   layout_chaotic_city, portal_ice_cave_entry_pillars_2, basic_altar,
          chequers_serial_rivers_micro_b, beast_lair_carwin_2
Lair:3:   lemuel_ratsnest, layout_loops_ring, minmay_stone_trees_medium,
          worms_lemuel, infiniplex_staircase_pool_2, uniq_urug
Lair:4:   layout_misc_corridors, elwin_shoals_entry_stream,
          minmay_snake_entry_guardpost_small, beast_lair_carwin_9
Lair:5:   layout_small_grid, minmay_slime_entry_pillars, zaba_antful_of_joy
Lair:6:   grunt_lair_end_beastmaster, layout_gridlike
Shoals:1: layout_shoals, serial_shops, bzr_entry_road,
          nicolae_shoals_cliffside_cave
Shoals:2: layout_shoals
Shoals:3: layout_shoals, nicolae_shoals_kraken_intersection, uniq_aizul,
          uniq_ilsuiw
Shoals:4: shoals_end_hangedman, layout_shoals, lemuel_centaur_altar
Snake:1:  layout_grid_maze, drop_trap, lemuel_fruit_tree
Snake:2:  layout_onion, nicolae_snake_shapes
Snake:3:  layout_cave_pods, nicolae_snake_single_loop, grunt_megastairs_1,
          uniq_azrael, uniq_nikola
Snake:4:  snake_pit, layout_cave_town, serial_bayou_shore_a, grunt_megastairs_2
Orc:1:    layout_diamond_mine, nicolae_volcano_entry_hallway, bh_open_orc_temple
Orc:2:    grunt_orc_cross, layout_caves, basic_altar
Elf:1:    minmay_elf_arrival_circle, layout_gridlike, gammafunk_ghost_grave,
          hangedman_elven_crosses_minicolossus, uniq_kirke
Elf:2:    layout_geoelf_diagonals, hangedman_elf_power_crystal, st_stairs_13
Vaults:1: ontoclasm_vaults_hangar, nicolae_vaults_ring_of_whatevers,
          nicolae_vaults_theta, v_pattern_3, ontoclasm_vaults_gallery,
          v_rooms_4, vaults_room_large_hall, vaults_mumra_hexcomb, v_misc_9,
          v_misc_5, vaults_room_boxed, vaults_dpeg_hooks, layout_vaults_ring,
          serial_shops, shop
Vaults:2: ontoclasm_vaults_hangar, nicolae_vaults_diagonal_hallway_6,
          ontoclasm_vaults_pinch, ontoclasm_vaults_shout, vaults_dpeg_doors,
          nicolae_vaults_ring_of_whatevers, vaults_dpeg_encased_lava,
          nicolae_vaults_network_quincunx
          [nicolae_vaults_network_quincunx_subvault,
          nicolae_vaults_network_quincunx_subvault,
          nicolae_vaults_network_quincunx_subvault,
          nicolae_vaults_network_quincunx_subvault,
          nicolae_vaults_network_quincunx_subvault], vaults_mumra_chevron,
          nicolae_vaults_mini_display_case, v_misc_26, layout_vaults_big_cross,
          serial_shops, shop
Vaults:3: hangedman_vaults_snaps, nicolae_vaults_hallways_thing,
          minmay_crypt_entry_simple_round, v_misc_29, v_misc_25,
          nicolae_vaults_three_branches, nicolae_vaults_diagonal_hallway_7,
          grunt_vaults_focal, v_misc_4, ontoclasm_vaults_eye, vaults_dpeg_ring,
          nicolae_vaults_little_squares_1, nicolae_vaults_yaktaur_gun_rack,
          layout_vaults_big_room
Vaults:4: v_misc_11, nicolae_vaults_alarming, grunt_vaults_hallway_long,
          nicolae_vaults_little_squares_2, vaults_mumra_bighexcomb,
          v_alt_pattern_2, layout_vaults_omnigrid
Depths:1: layout_small_grid, enter_ziggurat_a, dk_noncrumbling_2,
          grunt_hell_horde, chequers_serial_rivers_micro_c, drop_trap,
          minivault_16, kennysheep_generic_room_15, minmay_shop_grove,
          firewood_loft
Depths:2: minmay_the_grid_square_5x5_4x4
          [minmay_the_grid_square_5x5_hollow_slash,
          minmay_the_grid_square_5x5_sharp_hourglass,
          minmay_the_grid_square_5x5_minivault,
          minmay_the_grid_square_5x5_inner_z, minmay_the_grid_square_5x5_inset,
          minmay_the_grid_square_5x5_prize_itemx,
          minmay_the_grid_square_5x5_prize_pseudospiral,
          minmay_the_grid_square_5x5_six_small,
          minmay_the_grid_square_5x5_shrine1,
          minmay_the_grid_square_5x5_prize_monsterx,
          minmay_the_grid_square_5x5_prize_open, minmay_the_grid_square_5x5_tie,
          minmay_the_grid_square_5x5_plus,
          minmay_the_grid_square_5x5_two_walls_a,
          minmay_the_grid_square_5x5_forky, minmay_the_grid_square_5x5_three],
          layout_cross, hangedman_decor_points, grunt_hell_entry_dis_old,
          guppyfry_shop_blood
Depths:3: grunt_x_marks_the_spot, layout_cave_shapes, hell_entry, serial_shops,
          shop, pan_entry, infiniplex_staircase_river,
          kennysheep_generic_room_14
Bazaar:   bazaar_kb_twisted_cavern
IceCv:    ice_cave_caverns_01
Volcano:  volcano_overflow

Skill      XL: |  1  2  3  4  5  6  7  8  9 10 11 12 13 14 15 16 17 18 19 20 21 |
---------------+----------------------------------------------------------------+-----
Stealth        | 4 5 6 7 9 10 11 12 13 | 13.7
Short Blades   | 2 3 4 |  4.0
Dodging        | 1 2 3 4 5 6 7 8 9 10 | 10.3
Invocations    | 1 2 3 4 5 7 8 9 10 11 12 | 12.0
Armour         | 1 2 3 5 6 7 |  7.1
Throwing       | 2 3 4 |  4.1
Fighting       | 3 4 6 8 9 11 12 13 14 | 14.1
Shields        | 1 2 3 4 5 6 8 9 10 11 12 | 12.2
Unarmed Combat | 2 4 7 9 12 13 15 16 17 18 19 20 21 22 23 | 23.4
Evocations     | 2 4 5 6 7 8 9 10 | 10.6

Action                   |  1- 3 |  4- 6 |  7- 9 | 10-12 | 13-15 | 16-18 | 19-21 || total
-------------------------+-------+-------+-------+-------+-------+-------+-------++-------
Melee: Dagger            |   109 |   179 |    89 |       |       |       |       ||   377
       Unarmed           |       |       |   359 |   703 |  1483 |  1638 |  1589 ||  5772
       Rapier            |       |       |       |       |       |    15 |       ||    15
 Fire: Blowgun           |       |     8 |    44 |     7 |     5 |       |       ||    64
Throw: Javelin           |       |       |       |     3 |    19 |    17 |     2 ||    41
Invok: Heroism           |       |       |     1 |     1 |     2 |     6 |     2 ||    12
       Finesse           |       |       |       |     2 |     3 |     2 |     1 ||     8
 Abil: Evoke Berserk Rag |       |       |       |       |     2 |       |       ||     2
       Evoke Invisibilit |       |       |       |       |       |     1 |     2 ||     3
Evoke: Wand              |       |       |       |     3 |    44 |    41 |     1 ||    89
  Use: Scroll            |       |     4 |    10 |     9 |    34 |    18 |     3 ||    78
       Potion            |       |       |     6 |     5 |     2 |     7 |     1 ||    21
 Stab: Sleeping          |     4 |     8 |    12 |    15 |    32 |    35 |    37 ||   143
       Distracted        |       |     1 |       |     4 |     6 |     2 |     4 ||    17
       Petrifying        |       |       |       |       |     1 |       |       ||     1
       Petrified         |       |       |       |       |     1 |       |       ||     1
       Paralysed         |       |       |       |       |       |     6 |       ||     6
       Invisible         |       |       |       |       |       |       |     9 ||     9
  Eat: Chunk             |     1 |     9 |    18 |    26 |    60 |    37 |    45 ||   196
       Ration            |       |       |     2 |     1 |     1 |     5 |       ||     9
Armor: Robe              |    20 |       |    39 |   136 |   246 |    49 |       ||   490
       Leather armour    |     6 |    27 |    27 |       |       |       |       ||    60
       Ring mail         |       |       |       |       |       |   169 |   163 ||   332
Dodge: Dodged            |    60 |    65 |   183 |   347 |   487 |   503 |   423 ||  2068
Block: Buckler           |     1 |    26 |    59 |    99 |   106 |       |       ||   291
       Large shield      |       |       |       |       |   601 |  1417 |  1203 ||  3221
       Reflection        |       |       |       |       |    43 |   189 |   123 ||   355

Table legend:
 A = Non-vault XP
 B = Vault XP
 C = Vault XP percentage of total XP
 D = Non-vault monster count
 E = Vault monster count
 F = Vault count percentage of total count
                 A         B        C        D         E       F
            +---------+---------+-------+---------+---------+-------
      Total |  379320 |  298491 |  44.0 |    1047 |     649 |  38.3
            +---------+---------+-------+---------+---------+-------
        D:1 |      88 |       0 |   0.0 |      40 |       0 |   0.0
        D:2 |     155 |       0 |   0.0 |      25 |       0 |   0.0
        D:3 |      57 |       0 |   0.0 |      21 |       0 |   0.0
        D:4 |     280 |       0 |   0.0 |      23 |       0 |   0.0
        D:5 |     751 |     811 |  51.9 |      24 |       2 |   7.7
        D:6 |     535 |     157 |  22.7 |      20 |       4 |  16.7
        D:7 |     321 |    1150 |  78.2 |      17 |       6 |  26.1
        D:8 |    1638 |       0 |   0.0 |      27 |       0 |   0.0
        D:9 |    1305 |       0 |   0.0 |      30 |       0 |   0.0
       D:10 |    1650 |     767 |  31.7 |      12 |      36 |  75.0
       D:11 |    3877 |    5291 |  57.7 |      17 |      17 |  50.0
       D:12 |    5718 |    1169 |  17.0 |      36 |      11 |  23.4
       D:13 |    6161 |    1966 |  24.2 |      40 |      21 |  34.4
       D:14 |    7388 |    7728 |  51.1 |      33 |      10 |  23.3
       D:15 |    7046 |    3383 |  32.4 |      22 |      10 |  31.2
     Lair:1 |    3909 |     745 |  16.0 |      18 |       6 |  25.0
     Lair:2 |    3569 |     561 |  13.6 |      19 |       4 |  17.4
     Lair:3 |    6080 |    5039 |  45.3 |      23 |      49 |  68.1
     Lair:4 |    2161 |    3679 |  63.0 |      11 |      17 |  60.7
     Lair:5 |    5392 |    9022 |  62.6 |      16 |      42 |  72.4
     Lair:6 |   13807 |    7031 |  33.7 |      35 |      14 |  28.6
   Shoals:1 |   11288 |       0 |   0.0 |      22 |       0 |   0.0
   Shoals:2 |   20168 |       0 |   0.0 |      41 |       0 |   0.0
   Shoals:3 |    9151 |    7663 |  45.6 |      19 |       6 |  24.0
   Shoals:4 |   11479 |   23800 |  67.5 |      24 |      39 |  61.9
    Snake:1 |   10049 |       0 |   0.0 |      21 |       0 |   0.0
    Snake:2 |   24526 |    6080 |  19.9 |      48 |       8 |  14.3
    Snake:3 |   17099 |    9733 |  36.3 |      27 |      14 |  34.1
    Snake:4 |   20019 |   35066 |  63.7 |      34 |      51 |  60.0
      Orc:1 |    3464 |    1102 |  24.1 |      21 |       4 |  16.0
      Orc:2 |    2943 |    9334 |  76.0 |      16 |      33 |  67.3
      Elf:1 |    9114 |   15205 |  62.5 |      14 |      23 |  62.2
      Elf:2 |   22276 |   20527 |  48.0 |      38 |      25 |  39.7
   Vaults:1 |   24102 |   23889 |  49.8 |      52 |      35 |  40.2
   Vaults:2 |   16344 |   18583 |  53.2 |      21 |      18 |  46.2
   Vaults:3 |   31835 |   17388 |  35.3 |      50 |      27 |  35.1
   Vaults:4 |   19964 |   10041 |  33.5 |      24 |      11 |  31.4
   Depths:1 |   18369 |    9237 |  33.5 |      31 |      18 |  36.7
   Depths:2 |   26395 |   25121 |  48.8 |      25 |      27 |  51.9
   Depths:3 |    8847 |    2739 |  23.6 |      10 |       4 |  28.6
      IceCv |       0 |   13497 | 100.0 |       0 |      53 | 100.0
    Volcano |       0 |     987 | 100.0 |       0 |       4 | 100.0
            +---------+---------+-------+---------+---------+-------
